 Dungeon Crawl Stone Soup version 0.32-a0-485-g70f7560b1c (webtiles) character file.

Game seed: 6777424437159302863

11860 ytrimaz the Cleaver (level 11, -1/86 HPs)
             Began as a Coglin Fighter on Feb 27, 2024.
             Was a Follower of Ashenzari.
             Killed by vampiric draining
             ... invoked by a vampire
              (22 damage)
             ... on level 10 of the Dungeon.
             The game lasted 00:12:10 (9501 turns).

ytrimaz the Cleaver (Coglin Fighter)                Turns: 9501, Time: 00:12:11

Health: -1/86      AC: 37    Str: 23    XL:     11   Next: 84%
Magic:  11/11      EV:  7    Int:  7    God:    Ashenzari [*.....]
Gold:   321        SH:  5    Dex: 17    Spells: 10/10 levels left

rFire   . . .        a - +0 war axe (protect) {Surin}
rCold   . . .        B - +0 hand axe (elec) {Qing}
rNeg    . . .        f - +11 plate armour of Boredom {Str+2 Dex+3}
rPois   .            (no helmet)
rElec   .            w - +2 cloak "Gaze Upon Infinity" {Will+, Range, Self} (curse)
rCorr   .            z - +0 pair of gloves
SInv    .            (no boots)
Will    +....        h - amulet "At What Cost Knowledge?" {Reflect SH+5, Elem, Fort} (curse) Stlth
                     (ring unavailable)
HPRegen 0.34/turn    (ring unavailable)
MPRegen 0.12/turn

%: reflection
@: under a protective aura, fragile (+50% incoming damage), revved
A: off-hand wielding, slow wielding, warmup strikes, no rings
a: Renounce Religion, Shatter the Chains


You were on level 10 of the Dungeon.
You worshipped Ashenzari.
Ashenzari was aware of your devotion.
You visited 2 branches of the dungeon, and saw 11 of its levels.

You collected 741 gold pieces.
You spent 420 gold pieces at shops.


Innate Abilities, Weirdness & Mutations

You can wield a second weapon in your off-hand.
It takes a long time for you to wield or remove held weapons.
Your first few attacks do less damage.
Your grasper-arms cannot wear rings.


   Skills:
 + Level 7.3(8.1) Fighting
 + Level 12.7 Axes
 - Level 9.6(10.4) Armour
 - Level 2.1(2.8) Shields
 + Level 8.5 Evocations


You had 10 spell levels left.
You didn't know any spells.
Your spell library contained the following spells:

 Spells                   Type           Power      Damage    Failure   Level
 Kiss of Death            Conj/Necr      0%         2d5       99%         1
 Lesser Beckoning         Tloc           0%         N/A       100%        2
 Sublimation of Blood     Necr           0%         N/A       100%        2
 Confusing Touch          Hex            0%         N/A       100%        3
 Gell's Gravitas          Tloc           0%         N/A       100%        3
 Teleport Other           Tloc           0%         N/A       100%        3
 Animate Armour           Summ/Erth      0%         N/A       100%        4
 Dispel Undead            Necr           0%         3d6       100%        4
 Petrify                  Alch/Erth      0%         N/A       100%        4
 Summon Lightning Spire   Summ/Air       0%         N/A       100%        4
 Irradiate                Conj/Alch      0%         3d11      100%        5
 Lee's Rapid Deconstruct  Erth           0%         3d4*      100%        5

Inventory:

Hand Weapons
 a - a +0 war axe of protection (weapon) {Surin}
 l - a +2 antimagic dagger {Navbir}
   (You took it off a goblin on level 2 of the Dungeon)
 p - a +1 mace of holy wrath {Kansuke}
   (You took it off Robin on level 2 of the Dungeon)
 q - a +0 spectral whip {Doyun}
   (You found it on level 4 of the Dungeon)
 B - a +0 hand axe of electrocution (offhand) {Qing}
   (You took it off an orc on level 8 of the Dungeon)
Missiles
 b - 3 throwing nets
Armour
 c - a +0 buckler
 f - the +11 plate armour of Boredom (worn) {Str+2 Dex+3}
   (You found it on level 6 of the Dungeon)

   Str+2:     It affects your strength (+2).
   Dex+3:     It affects your dexterity (+3).
 w - the cursed +2 cloak "Gaze Upon Infinity" (worn) {Will+, Range, Self}
   (You bought it in a shop on level 8 of the Dungeon)

   It has a curse which improves the following skills: Ranged Combat: Ranged
   Weapons and Throwing.
   Introspection: Fighting and Spellcasting.
 z - a +0 pair of gloves (worn)
   (You found it on level 9 of the Dungeon)
Jewellery
 h - the cursed amulet "At What Cost Knowledge?" (around neck) {Reflect SH+5, Elem, Fort}
   (You found it on level 1 of the Dungeon)

   [amulet of reflection]

   Reflect:   It reflects blocked missile attacks.
   SH+5:      It affects your SH (+5).
   It has a curse which improves the following skills: Elements: Fire Magic, Ice
   Magic, Air Magic and Earth Magic.
   Fortitude: Armour and Shields.
Wands
 g - a wand of acid (18) (quivered)
   (You took it off Ijyb on level 5 of the Dungeon)
 t - a wand of flame (17)
   (You found it on level 6 of the Dungeon)
 x - a wand of polymorph (8)
   (You found it on level 8 of the Dungeon)
 y - a wand of paralysis (8)
   (You took it off a centaur on level 8 of the Dungeon)
Scrolls
 e - 4 scrolls of revelation
 i - 3 scrolls of identify
 j - 2 scrolls of noise
 k - 8 scrolls of teleportation
 m - 3 scrolls of immolation
 o - a scroll of fog
 s - a scroll of poison
 u - a scroll of vulnerability
Potions
 d - 3 potions of curing
 n - 2 potions of brilliance
 v - a potion of ambrosia
 A - a potion of enlightenment
Miscellaneous
 r - a lightning rod (4/4)
   (You found it on level 9 of the Dungeon)

Dungeon Overview and Level Annotations

Branches:
Dungeon (10/15) Zot: 26807  Temple (1/1) D:4 Zot: 5959     Orc (0/2) D:10
   Lair: D:8-11

Altars:
Ashenzari
Cheibriados
Dithmenos
Elyvilon
Fedhas
Gozag
Hepliaklqana
Kikubaaqudgha
Makhleb
Nemelex Xobeh
Okawaru
Qazlal
Ru
Sif Muna
Trog
Uskayaw
Vehumet
Wu Jian
Xom
Yredelemnul
Zin
The Shining One

Shops:
D:2 *   D:7 [[[   D:8 [

Annotations:
D:3 3 runed translucent doors, LobsterGuardian's ghost, amateur DsGl; Splishie's ghost, amateur GnMo

#........[
#...#.#.#.
#..#### #
#...#{
#..## ##
#...#{.=
#..##G#####
#..V{K....#
#.@########
#..)#
#.....
#.......
#.........
#.........
#.........
#.........


You could see a glass eye, a vampire and a kobold brigand.


Message History

Press: ? - help, Q - select action, (/) - cycle Shift-Dir - straight line, f - two-headed ogre
Aim: a two-headed ogre, wielding two +0 giant spiked clubs (88% to hit)
The bolt of acid hits the two-headed ogre!
The acid corrodes the two-headed ogre!
The bolt of acid misses the glass eye.
The centaur shoots an arrow.
The arrow barely misses you. The glass eye gazes at you.
You feel your fragility will last longer.
Unknown command.
You hit the two-headed ogre with your +0 war axe of protection.
You slash the two-headed ogre with your +0 hand axe of electrocution!
Lightning courses through the two-headed ogre!
The centaur shoots an arrow.
The arrow hits you but does no damage.
The two-headed ogre hits you but does no damage. x2
The shadow strikes at you from the darkness!
Reactivating autopickup. 😮 HP[-28]
You take 28 damage, and now have 44/86 hp.
MASSIVE DAMAGE!! (PAUSE)
You hit the two-headed ogre but do no damage.
You hit the shadow but do no damage.
You hit the two-headed ogre with your +0 war axe of protection.
You slash the shadow with your +0 war axe of protection!
The two-headed ogre barely misses you. x2 😮 HP[+1]
You slash the two-headed ogre with your +0 war axe of protection!
You hit the shadow with your +0 war axe of protection.
You slash the two-headed ogre with your +0 hand axe of electrocution!
You kill the two-headed ogre!
You hit the shadow but do no damage. The shadow hits you.
Unknown command.
You hit the shadow with your +0 hand axe of electrocution.
Lightning courses through the shadow!
You destroy the shadow!
You barely miss the glass eye with your +0 hand axe of electrocution.
You slash the glass eye with your +0 war axe of protection!
The centaur shoots an arrow.
The arrow hits you but does no damage. The glass eye gazes at you.
You feel your fragility will last longer.
Unknown command.
You hit the glass eye but do no damage. x2; The centaur shoots an arrow.
You block the arrow with an invisible shield... and reflect it back!
The arrow closely misses the centaur.
Unknown command.
You slash the glass eye with your +0 war axe of protection!
You hit the glass eye with your +0 hand axe of electrocution.
Lightning courses through the glass eye!
The glass eye gazes at you.
You feel your fragility will last longer.
The centaur shoots an arrow.
The arrow hits you but does no damage. 😮 HP[+1] Unknown command.
You slice the glass eye with your +0 war axe of protection!!
You kill the glass eye!
The centaur shoots an arrow.
You block the arrow with an invisible shield... and reflect it back!
The arrow closely misses the centaur.
Unknown command.
The centaur unwields a +0 orcbow.
The centaur hits you but does no damage.
The centaur kicks you but does no damage.
The vampire hits you but does no damage.
You block the vampire's attack.
A glass eye comes into view.
Things that are here:
+0 steam dragon scales; a steam dragon corpse Unknown command.
You slash the centaur with your +0 war axe of protection!
You kill the centaur!
You hit the vampire with your +0 war axe of protection.
You hit the vampire but do no damage. The vampire hits you!
* * * LOW HITPOINT WARNING * * *
The vampire bites you but does no damage. 😨 HP[-15]
You take 15 damage, and now have 31/86 hp.
Unknown command.
You hit the vampire with your +0 war axe of protection.
You barely miss the vampire with your +0 hand axe of electrocution. 😨 HP[+1] Unknown command.
You closely miss the vampire with your +0 war axe of protection.
You hit the vampire but do no damage. The vampire draws life force from you!
* * * LOW HITPOINT WARNING * * *
The vampire is healed by the life force!
The glass eye gazes at you.
You feel your fragility will last longer. 😱 HP[-12]
You take 12 damage, and now have 20/86 hp.
Unknown command.
You hit the vampire with your +0 hand axe of electrocution.
You hit the vampire with your +0 war axe of protection.
You block the vampire's attack.
The vampire bites you but does no damage.
The glass eye gazes at you.
You feel your fragility will last longer.
Unknown command.
You barely miss the vampire with your +0 war axe of protection.
You hit the vampire with your +0 hand axe of electrocution.
The vampire draws life force from you!
You die...

Skill      XL: |  1  2  3  4  5  6  7  8  9 10 11 |
---------------+----------------------------------+-----
Axes           | 3 4 5 6 7 8 10 11 12 | 12.7
Armour         | 3 4 5 7 9 |  9.6
Evocations     | 5 8 |  8.5
Fighting       | 5 7 |  7.3
Shields        | |  2.1

Action                     |  1- 3 |  4- 6 |  7- 9 | 10-12 || total
---------------------------+-------+-------+-------+-------++-------
  Melee: War axe           |    82 |    77 |   216 |   170 ||   545
         Dagger            |    13 |    15 |       |       ||    28
         Mace              |       |    58 |   221 |    15 ||   294
         Whip              |       |       |    11 |       ||    11
         Hand axe          |       |       |       |   155 ||   155
 Invoke: Curse Item        |       |       |     1 |     2 ||     3
         Shatter the Chain |       |       |     1 |       ||     1
  Evoke: Wand              |       |       |     3 |     7 ||    10
    Use: Scroll            |     7 |     3 |     4 |     4 ||    18
         Potion            |       |     3 |     5 |     2 ||    10
 Armour: Scale mail        |    54 |    67 |   148 |       ||   269
         Plate armour      |       |       |   149 |   205 ||   354
  Dodge: Dodged            |    30 |    34 |   118 |    69 ||   251
  Block: Buckler           |    34 |       |       |       ||    34
         Reflection        |     1 |     1 |     5 |     3 ||    10
         Other             |     3 |    17 |    75 |    40 ||   135

Levels and vault maps discovered:
D:1:      shiori_arrival_oz, layout_basic, serial_forest,
          infiniplex_forest_straight_2, infiniplex_forest_lined_room_2,
          infiniplex_forest_side_room, infiniplex_forest_zigzag_1,
          infiniplex_forest_end_3, infiniplex_forest_straight_4
D:2:      layout_loops_cross, serial_shops, shop, uniq_robin
D:3:      layout_loops_corners, nicolae_overflow_crystal_walls,
          dancing_weapons_uskayaw, gammafunk_ghost_cemetery, hex_tiny,
          grunt_decor_clamped
D:4:      layout_rooms, hellmonk_okawaru_the_only_friend_you_need,
          minmay_temple_entry_poolview, uniq_blork_the_orc
D:5:      layout_loops_ring, nicolae_dithmenos_shadow_blocks,
          lemuel_round_altar, lemuel_tele_altar, nicolae_goblin_pals,
          uniq_grinder
D:6:      layout_rooms
D:7:      layout_cave_pools, trog_hazing_becter,
          nicolae_shop_distant_corner_stores, mrwooster_statue_mirror
D:8:      layout_rooms, mainiacjoe_overflow_alcove_1, serial_shops, shop,
          dreamdust_gnoll_shepherd
D:9:      layout_basic, lemuel_doored_altar, minivault_13
D:10:     layout_cross, orc_0_dummy, onia_ninara_cookie
Temple:   dshaligram_water_room_temple

Notes
Turn   | Place    | Note
-------+----------+-------------------------------------------
     0 | D:1      | ytrimaz the Coglin Fighter began the quest for the Orb.
     0 | D:1      | Reached XP level 1. HP: 18/18 MP: 1/1
     0 | D:1      | magus.rc [v1.9.6]
   195 | D:1      | Reached XP level 2. HP: 23/24 MP: 2/2
   458 | D:1      | Reached skill level 3 in Axes
   974 | D:2      | Found Huishog's Assorted Antiques.
   980 | D:2      | Reached XP level 3. HP: 27/29 MP: 3/3
  1216 | D:2      | Identified a scroll of acquirement
  1217 | D:2      | Acquired 305 gold pieces
  1219 | D:2      | Bought a dented blue amulet for 115 gold pieces
  1219 | D:2      | Bought a scroll of identify for 46 gold pieces
  1219 | D:2      | Bought a scroll labelled SETWIJAICA for 23 gold pieces
  1219 | D:2      | Bought 2 silvery potions for 41 gold pieces
  1259 | D:2      | Identified the +2 buckler of Voamarphaoxi {Harm rElec}
  1291 | D:2      | Noticed Robin
  1297 | D:2      | Reached skill level 4 in Axes
  1300 | D:2      | Killed Robin
  1301 | D:2      | Reached XP level 4. HP: 21/35 MP: 1/4
  1682 | D:3      | Found a hazy altar of Hepliaklqana.
  1937 | D:3      | Found a hide-covered altar of Uskayaw.
  1938 | D:3      | Noticed a +5 dagger
  1939 | D:3      | Noticed a +0 hand axe
  1957 | D:3      | HP: 8/35 [poisoned by an orc]
  1961 | D:3      | Reached skill level 3 in Armour
  1961 | D:3      | Reached XP level 5. HP: 33/41 MP: 5/5
  2323 | D:3      | Found a runed translucent gate.
  2324 | D:3      | Found a runed translucent gate.
  2325 | D:3      | Found a runed translucent gate.
  2331 | D:3      | Noticed LobsterGuardian's ghost (amateur DsGl)
  2331 | D:3      | Noticed Splishie's ghost (amateur GnMo)
  2783 | D:3      | Reached skill level 5 in Axes
  2890 | D:4      | Reached XP level 6. HP: 34/47 MP: 6/6
  3053 | D:4      | Reached skill level 4 in Armour
  3259 | D:4      | Noticed Blork the orc
  3266 | D:4      | Killed Blork the orc
  3267 | D:4      | Reached skill level 6 in Axes
  3267 | D:4      | Reached XP level 7. HP: 36/52 MP: 7/7
  3328 | D:4      | You pick up a book of Displacement and begin reading...
  3328 | D:4      | You add the spells Lesser Beckoning, Gell's Gravitas and
                  | Teleport Other to your library.
  3463 | D:4      | Found an iron altar of Okawaru.
  3546 | D:4      | Found a staircase to the Ecumenical Temple.
  3658 | Temple   | Entered the Ecumenical Temple
  3678 | Temple   | Became a worshipper of Ashenzari the Shackled
  3730 | D:5      | Entered Level 5 of the Dungeon
  3746 | D:5      | Reached skill level 5 in Armour
  3877 | D:5      | You pick up a book of Touch and begin reading...
  3877 | D:5      | You add the spells Kiss of Death, Confusing Touch and
                  | Dispel Undead to your library.
  3891 | D:5      | Found a shadowy altar of Dithmenos.
  3941 | D:5      | You pick up a book of Transmutation and begin reading...
  3941 | D:5      | You add the spells Sublimation of Blood, Petrify and
                  | Irradiate to your library.
  3978 | D:5      | Noticed Ijyb
  3980 | D:5      | Noticed Grinder
  4007 | D:5      | HP: 10/52 [Grinder/nerve-wracking pain (11)]
  4012 | D:5      | Reached skill level 7 in Axes
  4012 | D:5      | Reached XP level 8. HP: 14/58 MP: 8/8
  4013 | D:5      | HP: 13/87 [ufetubus (2)]
  4013 | D:5      | HP: 3/87 [Grinder/nerve-wracking pain (10)]
  4022 | D:5      | Found an ornate altar of the Wu Jian Council.
  4254 | D:5      | Found a blossoming altar of Fedhas.
  4386 | D:5      | Paralysed by Grinder for 3 turns
  4395 | D:5      | Killed Grinder
  4396 | D:5      | Reached skill level 6 in Armour
  4410 | D:5      | Killed Ijyb
  5113 | D:7      | HP: 13/57 [howler monkey (3)]
  5118 | D:7      | Reached skill level 8 in Axes
  5131 | D:7      | HP: 12/58 [bullfrog (6)]
  5134 | D:7      | HP: 5/58 [bullfrog (6)]
  5176 | D:7      | HP: 10/58 [water moccasin (8)]
  5407 | D:6      | Reached skill level 7 in Armour
  5410 | D:6      | HP: 12/58 [gnoll/+0 halberd[a gnoll bouda] (4)]
  5712 | D:6      | Reached XP level 9. HP: 49/63 MP: 9/9
  5794 | D:6      | Identified the +11 plate armour of Boredom {Str+2 Dex+3}
  5884 | D:6      | Reached skill level 9 in Axes
  6485 | D:7      | Found Enypturch's Antique Armour Emporium.
  6486 | D:7      | Found Muimm's Antique Armour Emporium.
  6487 | D:7      | Found Josa's Armour Emporium.
  6498 | D:7      | Reached skill level 8 in Armour
  6838 | D:7      | Found a bloodstained altar of Trog.
  7050 | D:8      | Reached skill level 10 in Axes
  7069 | D:8      | Reached skill level 9 in Armour
  7073 | D:8      | Reached XP level 10. HP: 69/70 MP: 10/10
  7117 | D:8      | Found Kikaoxal's Antique Armour Shop.
  7125 | D:8      | Bought a runed cloak for 195 gold pieces
  7269 | D:8      | Found a sacrificial altar of Ru.
  7270 | D:8      | You pick up a book of Iron and begin reading...
  7270 | D:8      | You add the spells Summon Lightning Spire, Animate Armour
                  | and Lee's Rapid Deconstruction to your library.
  7899 | D:9      | Noticed a boulder beetle
  7918 | D:9      | HP: 8/70 [boulder beetle (31)]
  7925 | D:9      | Killed a boulder beetle
  7926 | D:9      | Reached skill level 11 in Axes
  8153 | D:9      | Reached skill level 1 in Evocations
  8206 | D:9      | Reached skill level 2 in Evocations
  8215 | D:9      | Reached skill level 4 in Fighting
  8215 | D:9      | Reached skill level 3 in Evocations
  8329 | D:9      | Reached skill level 4 in Evocations
  8531 | D:9      | Reached skill level 5 in Fighting
  8606 | D:9      | Found a runed translucent door.
  8606 | D:9      | Noticed a deep elf pyromancer
  8615 | D:9      | Killed a deep elf pyromancer
  8616 | D:9      | Reached skill level 5 in Evocations
  8616 | D:9      | Reached XP level 11. HP: 31/80 MP: 11/11
  8617 | D:9      | HP: 13/80 [burnt (10)]
  8844 | D:9      | Found a radiant altar of Vehumet.
  9105 | D:9      | Reached * piety under Ashenzari
  9116 | D:9      | Noticed a rakshasa
  9128 | D:9      | Reached skill level 6 in Evocations
  9131 | D:9      | Killed a rakshasa
  9132 | D:9      | Reached skill level 12 in Axes
  9137 | D:9      | Reached skill level 6 in Fighting
  9297 | D:10     | Entered Level 10 of the Dungeon
  9313 | D:10     | Found a staircase to the Orcish Mines.
  9379 | D:10     | Reached skill level 7 in Evocations
  9471 | D:10     | Noticed a two-headed ogre
  9471 | D:10     | Noticed a two-headed ogre
  9475 | D:10     | Killed a two-headed ogre
  9478 | D:10     | Noticed a two-headed ogre
  9479 | D:10     | Killed a two-headed ogre
  9488 | D:10     | Reached skill level 7 in Fighting
  9488 | D:10     | Reached skill level 8 in Evocations
  9491 | D:10     | Killed a two-headed ogre
  9499 | D:10     | HP: 20/86 [vampire/vampiric draining (12)]
  9501 | D:10     | Killed from afar by a vampire

Vanquished Creatures
  A rakshasa (D:9)
  A boulder beetle (D:9)
  3 two-headed ogres (D:10)
  A deep elf pyromancer (D:9)
  A cane toad (shapeshifter) (D:9)
  A freezing wraith (D:9)
  3 trolls
  Grinder (D:5)
  A glass eye (D:10)
  5 slime creatures (D:9)
  A shadow (D:10)
  A hog (shapeshifter) (D:9)
  A basilisk (D:9)
  9 yaks
  2 steam dragons
  4 water moccasins
  A sky beast (D:7)
  2 ice beasts
  An ogre (D:5)
  5 centaurs
  3 kobold brigands
  A phantom (D:4)
  Blork the orc (D:4)
  6 bullfrogs
  2 gnoll sergeants
  4 scorpions
  4 wights (D:9)
  10 killer bees (D:10)
  3 howler monkeys
  A hound (D:6)
  2 jellies
  4 orc priests
  4 gnoll boudas
  A sleepcap (D:4)
  Ijyb (D:5)
  3 iguanas
  7 orc wizards
  Robin (D:2)
  19 gnolls
  6 adders
  2 white imps (D:7)
  4 ufetubi (D:5)
  A ribbon worm (D:5)
  2 dart slugs
  28 orcs
  7 ball pythons
  4 endoplasms
  2 giant cockroaches
  17 goblins
  12 hobgoblins
  3 jackals (D:2)
  3 quokkas
  3 bats
  3 frilled lizards
  19 kobolds
  4 rats
242 creatures vanquished.

Vanquished Creatures (others)
  A hobgoblin (D:5)
1 creature vanquished.

Grand Total: 243 creatures vanquished

Table legend:
 A = Non-vault XP
 B = Vault XP
 C = Vault XP percentage of total XP
 D = Non-vault monster count
 E = Vault monster count
 F = Vault count percentage of total count
                 A         B        C        D         E       F
            +---------+---------+-------+---------+---------+-------
      Total |    9008 |    7936 |  46.8 |     193 |      49 |  20.2
            +---------+---------+-------+---------+---------+-------
        D:1 |      22 |       3 |  12.0 |      13 |       2 |  13.3
        D:2 |      57 |      34 |  37.4 |      21 |      11 |  34.4
        D:3 |     136 |       0 |   0.0 |      22 |       0 |   0.0
        D:4 |     379 |      96 |  20.2 |      11 |       1 |   8.3
        D:5 |     556 |     338 |  37.8 |      15 |       8 |  34.8
        D:6 |    1044 |       0 |   0.0 |      25 |       0 |   0.0
        D:7 |     974 |      10 |   1.0 |      15 |       6 |  28.6
        D:8 |     716 |     850 |  54.3 |      23 |       5 |  17.9
        D:9 |    4026 |    2970 |  42.5 |      27 |       7 |  20.6
       D:10 |    1098 |    3635 |  76.8 |      21 |       9 |  30.0
            +---------+---------+-------+---------+---------+-------

Skill      XL: |  1  2  3  4  5  6  7  8  9 10 11 |
---------------+----------------------------------+-----
Axes           | 3 4 5 6 7 8 10 11 12 | 12.7
Armour         | 3 4 5 7 9 |  9.6
Evocations     | 5 8 |  8.5
Fighting       | 5 7 |  7.3
Shields        | |  2.1

Action                     |  1- 3 |  4- 6 |  7- 9 | 10-12 || total
---------------------------+-------+-------+-------+-------++-------
  Melee: War axe           |    82 |    77 |   216 |   170 ||   545
         Dagger            |    13 |    15 |       |       ||    28
         Mace              |       |    58 |   221 |    15 ||   294
         Whip              |       |       |    11 |       ||    11
         Hand axe          |       |       |       |   155 ||   155
 Invoke: Curse Item        |       |       |     1 |     2 ||     3
         Shatter the Chain |       |       |     1 |       ||     1
  Evoke: Wand              |       |       |     3 |     7 ||    10
    Use: Scroll            |     7 |     3 |     4 |     4 ||    18
         Potion            |       |     3 |     5 |     2 ||    10
 Armour: Scale mail        |    54 |    67 |   148 |       ||   269
         Plate armour      |       |       |   149 |   205 ||   354
  Dodge: Dodged            |    30 |    34 |   118 |    69 ||   251
  Block: Buckler           |    34 |       |       |       ||    34
         Reflection        |     1 |     1 |     5 |     3 ||    10
         Other             |     3 |    17 |    75 |    40 ||   135

Illustrated notes

Table legend:
 A = Kills in this place as a percentage of kills in the entire game.
 B = Kills by you in this place as a percentage of kills by you in the entire game.
 C = Kills by friends in this place as a percentage of kills by friends in the entire game.
 D = Other kills in this place as a percentage of other kills in the entire game.
 E = Experience gained in this place as a percentage of experience gained in the entire game.
 F = Experience gained in this place divided by the number of levels of this place that you have seen.
                   A       B       C       D       E      F
               +-------+-------+-------+-------+-------+----------------------
         Total | 100.0 | 100.0 |   N/A |   N/A | 100.0 | 1540.4
       Dungeon | 100.0 | 100.0 |   N/A |   N/A | 100.0 | 1694.4
               +-------+-------+-------+-------+-------+----------------------

Table legend: (Time is in decaauts)
 A = Elapsed time spent in this place.
 B = Non-inter-level travel time spent in this place.
 C = Inter-level travel time spent in this place.
 D = Time resting spent in this place.
 E = Time spent auto-exploring this place.
 F = Levels seen in this place.
 G = Mean time per level.
                   A        B        C        D        E       F      G
               +--------+--------+--------+--------+--------+-----+--------+
         Total |   9567 |   8868 |    699 |    683 |   6529 |  11 |  869.7 |
       Dungeon |   9526 |   8846 |    680 |    683 |   6529 |  10 |  952.6 |
        Temple |     40 |     21 |     19 |      0 |      0 |   1 |   40.0 |
               +--------+--------+--------+--------+--------+-----+--------+

Top non-repeatable levels by time:
     D:5: 1652 daAuts
     D:9: 1341 daAuts
     D:3: 1247 daAuts
     D:7: 939 daAuts
     D:1: 935 daAuts
     D:6: 919 daAuts
     D:4: 813 daAuts
     D:8: 744 daAuts
     D:2: 740 daAuts
    D:10: 192 daAuts
  Temple: 40 daAuts
